 Dungeon Crawl Stone Soup version 0.31-a0-237-g2d982f9f85 (webtiles) character file.

Game seed: 12570934665942768061

7405 qw the Skirmisher (level 10, -8/91 HPs)
             Began as a Minotaur Hexslinger on July 10, 2023.
             Was an Elder of Okawaru.
             Mangled by a death yak (14 damage)
             ... on level 1 of the Lair of Beasts.
             The game lasted 00:02:51 (6931 turns).

qw the Skirmisher (Minotaur Hexslinger)             Turns: 6931, Time: 00:02:51

Health: -8/91      AC: 10    Str: 15    XL:     10   Next: 92%
Magic:  10/12      EV: 19    Int: 14    God:    Okawaru [****..]
Gold:   549        SH:  0    Dex: 18    Spells: 10/11 levels left

rFire   + + +        Y - +1 orcbow (flame)
rCold   . . .        (shield currently unavailable)
rNeg    . . .        j - +4 robe "Icwahibi" {Str+3 Slay+3}
rPois   .            (helmet restricted)
rElec   .            (no cloak)
rCorr   .            b - +1 pair of gloves
SInv    +            p - +0 pair of boots
Will    .....        n - amulet of the acrobat
Stlth   +++          k - ring of Wybol {rF+++ rC- Int+4 Slay+4 SInv}
HPRegen 0.35/turn    c - ring of protection from cold
MPRegen 0.13/turn

%: acrobat
@: heroic
A: horns 2, retaliatory headbutt
a: Renounce Religion, Heroism, Finesse


You were on level 1 of the Lair of Beasts.
You worshipped Okawaru.
Okawaru was greatly pleased with you.
You visited 3 branches of the dungeon, and saw 10 of its levels.

You collected 549 gold pieces.


Innate Abilities, Weirdness & Mutations

You have a pair of horns on your head.
You reflexively headbutt those who attack you in melee.


   Skills:
 - Level 9.0(14.0) Fighting
 - Level 14.0(19.0) Ranged Weapons
 - Level 3.3(8.3) Armour
 + Level 6.4(11.4) Dodging
 - Level 1.0 Spellcasting
 - Level 2.0 Hexes
 + Level 4.5 Invocations


You had 10 spell levels left.
You knew the following spells:

 Your Spells              Type           Power      Damage    Failure   Level
a - Slow                  Hex            24%        N/A       12%         1

Your spell library contained the following spells:

 Spells                   Type           Power      Damage    Failure   Level
 Inner Flame              Hex/Fire       3%         N/A       45%         3
 Portal Projectile        Hex/Tloc       6%         N/A       45%         3
 Cause Fear               Hex            3%         N/A       75%         4

Inventory:

Hand Weapons
 Y - a +1 orcbow of flaming (weapon)
Armour
 b - a +1 pair of gloves (worn)
 j - the +4 robe "Icwahibi" (worn) {Str+3 Slay+3}
   (You found it on level 3 of the Dungeon)

   Str:       It affects your strength (+3).
   Slay:      It affects your accuracy & damage with ranged weapons and melee
   (+3).
 p - a +0 pair of boots (worn)
Jewellery
 c - a ring of protection from cold (right hand)
 k - the ring of Wybol (left hand) {rF+++ rC- Int+4 Slay+4 SInv}
   (You found it on level 3 of the Dungeon)

   [ring of slaying]

   Int:       It affects your intelligence (+4).
   Slay:      It affects your accuracy & damage with ranged weapons and melee
   (+4).
   rF:        It renders you almost immune to fire.
   rC:        It makes you vulnerable to cold.
   SInv:      It lets you see invisible.
 m - a ring of protection from fire
 n - an amulet of the acrobat (around neck)
Scrolls
 f - a scroll of identify
 i - 5 scrolls of teleportation
Potions
 a - a potion of magic
 d - a potion of cancellation
 e - 4 potions of curing
 g - 4 potions of might
 h - a potion of brilliance {unknown}
 l - a potion of mutation {unknown}
 o - a potion of ambrosia {unknown}

Dungeon Overview and Level Annotations

Branches:
Dungeon (8/15)             Temple (1/1) D:6            Lair (1/5) D:8

Altars:
Ashenzari
Cheibriados
Dithmenos
Elyvilon
Fedhas
Gozag
Hepliaklqana
Kikubaaqudgha
Makhleb
Nemelex Xobeh
Okawaru
Qazlal
Ru
Trog
Uskayaw
Vehumet
Wu Jian
Xom
Yredelemnul
Zin
The Shining One

Shops:
D:3 =

Annotations:
D:4 3 runed translucent doors, qw's ghost, amateur GrHs
D:5 2 transporters, qw's ghost, amateur MiHs


Message History

The arrow hits the death yak!!
The arrow burns the death yak.
The death yak is almost dead.
You hear a loud, deep croak!
The yak gores you but does no damage. x2; The death yak completely misses you.
The death yak misses you.
You shoot an arrow. The arrow hits the death yak!
The arrow burns the death yak.
The death yak is almost dead.
You hear a croak.
You shoot an arrow. The arrow hits the death yak.
The arrow burns the death yak.
You kill the death yak!
Okawaru is honoured by your kill. The yak closely misses you.
The death yak gores you but does no damage.
You shoot an arrow. The arrow hits the death yak!
The arrow burns the death yak.
The death yak is moderately wounded.
The death yak gores you. The yak completely misses you.
You shoot an arrow. The arrow barely misses the death yak.
The arrow hits the yak!!
The arrow burns the yak!
The yak is almost dead.
The death yak gores you. The yak gores you!
You shoot an arrow.
The arrow hits the death yak but does no damage.
The death yak is moderately wounded.
A cane toad comes into view.
You shoot an arrow. The arrow hits the death yak.
The arrow burns the death yak.
The death yak is moderately wounded.
The death yak closely misses you. You furiously retaliate!
You headbutt the death yak. The yak gores you but does no damage.
The yak barely misses you.
You shoot an arrow. The arrow hits the death yak.
The arrow burns the death yak.
The death yak is moderately wounded.
You feel like a meek peon again.
The bullfrog swells and bulges.
The death yak gores you! The yak gores you but does no damage.
The death yak gores you. The yak gores you but does no damage.
6931 ||| INVOKING Heroism.
You gain the combat prowess of a mighty hero.
The death yak gores you! The yak gores you but does no damage.
The yak gores you! The death yak gores you!
You die...

..####....## ##
#.....##
##.....##
#......##
#.......##
##.......###
#.......#.#
##....%.Y##
#.....FY@#
#.#....YYYY..#
..........YF..#
###............#
##.#...####....
###..## .#...
#.. #... ..# #.


You could see 2 death yaks, 5 yaks, a cane toad and a bullfrog.

Vanquished Creatures
  3 death yaks (Lair:1)
  An ugly thing (D:8)
  A cane toad (Lair:1)
  A komodo dragon (D:8)
  6 slime creatures (D:8)
  A steam dragon (D:8)
  3 water moccasins
  2 orc warriors
  2 ice beasts
  3 black bears
  A sky beast (D:8)
  4 centaurs
  A kobold brigand (D:6)
  2 bullfrogs
  2 gnoll sergeants (D:8)
  4 scorpions
  13 wights
  A jelly (D:7)
  3 howler monkeys
  3 hounds
  5 orc priests
  6 orc wizards
  Terence (D:3)
  A sleepcap (D:8)
  3 iguanas
  10 gnolls (D:8)
  13 adders
  5 shadow imps
  2 white imps
  2 worms (D:2)
  6 dart slugs
  20 orcs
  6 endoplasms
  6 giant cockroaches
  4 goblins
  6 hobgoblins
  6 jackals
  5 quokkas
  5 ball pythons
  8 bats
  2 frilled lizards
  5 kobolds
  A rat (D:1)
185 creatures vanquished.

Notes
Turn   | Place    | Note
-------+----------+-------------------------------------------
     0 | D:1      | qw the Minotaur Hexslinger began the quest for the Orb.
     0 | D:1      | Reached XP level 1. HP: 16/16 MP: 1/1
     0 | D:1      | 0 ||| qw: Version: 0.3-a-52-g30416fa
     0 | D:1      | 0 ||| qw: Game counter: 5141
     0 | D:1      | 0 ||| qw: Melee chars always use a shield: true
     0 | D:1      | 0 ||| qw: God list: Okawaru
     0 | D:1      | 0 ||| qw: Allow faded altars: false
     0 | D:1      | 0 ||| qw: Do Orc after clearing Dungeon:15 true
     0 | D:1      | 0 ||| qw: Do second Lair branch before Depths: true
     0 | D:1      | 0 ||| qw: Lair rune preference: random
     0 | D:1      | 0 ||| qw: Goals: Normal
     0 | D:1      | 0 ||| PLANNING D:1-11
    16 | D:1      | You fall into a shaft and drop 1 floor!
    96 | D:2      | Reached skill level 3 in Ranged Weapons
    96 | D:2      | Reached XP level 2. HP: 23/23 MP: 2/2
   206 | D:2      | 206 ||| READING scroll labelled JEIHUKU DEOSOU.
   249 | D:2      | 249 ||| DROPPING scroll of poison.
   462 | D:1      | Reached XP level 3. HP: 26/29 MP: 3/3
   463 | D:1      | 463 ||| FLEEEEING.
   792 | D:1      | 792 ||| UPGRADING to +0 pair of gloves.
   797 | D:1      | 797 ||| READING scroll labelled PICKI RENAGRUCRU.
   898 | D:1      | 898 ||| READING scroll labelled VAV HOT HYRPHA.
  1068 | D:2      | Reached skill level 4 in Ranged Weapons
  1419 | D:2      | 1419 ||| UPGRADING to +3 leather armour.
  1429 | D:2      | 1429 ||| DROPPING +0 robe.
  1430 | D:2      | 1430 ||| DROPPING ring of flight.
  1431 | D:2      | 1431 ||| READING scroll labelled XYTWEG MOLA.
  1432 | D:2      | 1432 ||| READING scroll labelled ZOGGUI GYSCHESO.
  1569 | D:3      | Found a hide-covered altar of Uskayaw.
  1569 | D:3      | Found a sparkling altar of Nemelex Xobeh.
  1572 | D:3      | Reached XP level 4. HP: 36/36 MP: 4/4
  1755 | D:3      | Identified the +4 robe "Icwahibi" {Str+3 Slay+3}
  1792 | D:3      | Identified the ring of Wybol {rF+++ rC- Int+4 Slay+4 SInv}
  1836 | D:3      | Found Aweuph's Jewellery Boutique.
  1841 | D:3      | 1841 ||| SHOPLISTING +6 ring of dexterity (360 gold, have
                  | 125).
  1841 | D:3      | 1841 ||| SHOPLISTING amulet of reflection (300 gold, have
                  | 125).
  1841 | D:3      | 1841 ||| SHOPLISTING ring of positive energy (200 gold,
                  | have 125).
  1841 | D:3      | 1841 ||| SHOPLISTING ring of resist corrosion (200 gold,
                  | have 125).
  1868 | D:3      | Noticed Terence
  1883 | D:3      | Killed Terence
  1884 | D:3      | Reached skill level 5 in Ranged Weapons
  2237 | D:3      | 2237 ||| UPGRADING to +4 robe "Icwahibi" {Str+3 Slay+3}.
  2247 | D:3      | 2247 ||| DROPPING +3 leather armour.
  2248 | D:3      | 2248 ||| UPGRADING to ring of Wybol {rF+++ rC- Int+4 Slay+4
                  | SInv}.
  2249 | D:3      | 2249 ||| READING scroll labelled NEXKYS MENTUZOCIS.
  2250 | D:3      | 2250 ||| READING 2 scrolls of identify.
  2250 | D:3      | 2250 ||| IDENTIFYING fuming amethyst potion
  2412 | D:4      | Found a runed translucent gate.
  2412 | D:4      | Found a runed translucent gate.
  2413 | D:4      | Found a runed translucent gate.
  2417 | D:4      | Noticed qw's ghost (amateur GrHs)
  2417 | D:4      | Noticed qw's ghost (amateur GrHs)
  2450 | D:4      | Noticed a centaur
  2456 | D:4      | Reached skill level 3 in Fighting
  2456 | D:4      | Reached XP level 5. HP: 45/45 MP: 5/5
  2457 | D:4      | Killed a centaur
  2458 | D:4      | Reached skill level 6 in Ranged Weapons
  2459 | D:4      | 2459 ||| FLEEEEING.
  2463 | D:4      | 2463 ||| FLEEEEING.
  2464 | D:4      | 2464 ||| FLEEEEING.
  2467 | D:4      | 2467 ||| FLEEEEING.
  2468 | D:4      | 2468 ||| FLEEEEING.
  2475 | D:4      | Reached XP level 6. HP: 38/52 MP: 6/6
  2542 | D:4      | 2542 ||| SWAPPING to +0 orcbow.
  2543 | D:4      | 2543 ||| DROPPING +1 sling.
  2670 | D:4      | Reached skill level 7 in Ranged Weapons
  2797 | D:4      | Reached XP level 7. HP: 59/59 MP: 7/7
  2968 | D:4      | 2968 ||| READING scroll labelled WOG DEOMUHOGAOG.
  2969 | D:4      | 2969 ||| READING scroll labelled CEJUAGGUFF.
  2981 | D:5      | Entered Level 5 of the Dungeon
  3248 | D:5      | Found a transporter.
  3255 | D:5      | Found a transporter.
  3255 | D:5      | Noticed qw's ghost (amateur MiHs)
  3575 | D:5      | 3575 ||| UPGRADING to amulet of the acrobat.
  3580 | D:5      | 3580 ||| READING scroll labelled FEXAFI ROGOX.
  3581 | D:5      | 3581 ||| READING scroll labelled QIUNOL QEOMUGU.
  3592 | D:6      | 3592 ||| STAIRDANCE
  3595 | D:5      | Reached skill level 8 in Ranged Weapons
  3671 | D:6      | Reached skill level 3 in Dodging
  3671 | D:6      | 3671 ||| STAIRDANCE
  3676 | D:5      | HP: 10/60 [iguana (9)]
  3677 | D:5      | 3677 ||| READING 4 scrolls of teleportation.
  3678 | D:5      | 3678 ||| DRINKING potion of heal wounds.
  3681 | D:5      | 3681 ||| FLEEEEING.
  3682 | D:5      | 3682 ||| FLEEEEING.
  3697 | D:5      | 3697 ||| FLEEEEING.
  3698 | D:5      | 3698 ||| FLEEEEING.
  3701 | D:5      | 3701 ||| FLEEEEING.
  3704 | D:5      | 3704 ||| FLEEEEING.
  3708 | D:5      | 3708 ||| FLEEEEING.
  3710 | D:5      | 3710 ||| STAIRDANCE
  3856 | D:6      | Found a staircase to the Ecumenical Temple.
  3857 | D:6      | 3857 ||| PLANNING TEMPLE
  3887 | Temple   | Entered the Ecumenical Temple
  3887 | Temple   | Found a transporter.
  3887 | Temple   | Found a transporter.
  3889 | Temple   | Found a transporter.
  3889 | Temple   | Found a transporter.
  3899 | Temple   | 3899 ||| PLANNING D:1-11
  3914 | Temple   | 3914 ||| PLANNING OKAWARU WORSHIP
  3918 | Temple   | Became a worshipper of Warmaster Okawaru
  3919 | Temple   | 3919 ||| PLANNING D:1-11
  3945 | D:6      | Identified the +1 flail "Hoinluy" {chaos, Fragile +Blink
                  | rElec rN++}
  3956 | D:6      | Reached XP level 8. HP: 68/68 MP: 8/8
  4007 | D:6      | Reached skill level 9 in Ranged Weapons
  4017 | D:6      | Reached skill level 1 in Armour
  4318 | D:6      | Reached skill level 6 in Fighting
  4360 | D:6      | Reached * piety under Okawaru
  4451 | D:6      | Found an opulent altar of Gozag.
  4560 | D:6      | Reached skill level 1 in Invocations
  4671 | D:6      | 4671 ||| DRINKING 2 emerald potions.
  4672 | D:6      | 4672 ||| DRINKING 2 ruby potions.
  4757 | D:7      | 4757 ||| INVOKING Heroism.
  4783 | D:7      | 4783 ||| INVOKING Heroism.
  4880 | D:7      | Reached skill level 10 in Ranged Weapons
  5048 | D:7      | 5048 ||| INVOKING Heroism.
  5108 | D:7      | Reached skill level 3 in Invocations
  5110 | D:7      | 5110 ||| INVOKING Heroism.
  5111 | D:7      | Reached XP level 9. HP: 45/76 MP: 7/10
  5404 | D:7      | 5404 ||| INVOKING Heroism.
  5839 | D:7      | 5839 ||| DROPPING scarf of harm.
  5840 | D:7      | 5840 ||| READING 2 scrolls labelled WEPLAN ZUOWN.
  5841 | D:7      | 5841 ||| READING scroll of enchant armour.
  5841 | D:7      | 5841 ||| ENCHANTING +0 pair of gloves.
  5842 | D:7      | 5842 ||| READING scroll labelled FIEN TOOTUUKK.
  5843 | D:7      | 5843 ||| READING scroll labelled YNERETH DELE.
  5844 | D:7      | 5844 ||| READING scroll labelled BATUAK COHA.
  5845 | D:7      | 5845 ||| READING 3 scrolls of identify.
  5845 | D:7      | 5845 ||| IDENTIFYING bubbling red potion
  5846 | D:7      | 5846 ||| READING 2 scrolls of identify.
  5846 | D:7      | 5846 ||| IDENTIFYING smoky green potion
  5847 | D:7      | 5847 ||| DROPPING potion of attraction.
  5848 | D:7      | 5848 ||| DROPPING potion of lignification.
  5991 | D:8      | 5991 ||| INVOKING Heroism.
  6051 | D:8      | Noticed a cyan ugly thing
  6058 | D:8      | Killed a cyan ugly thing
  6059 | D:8      | Reached skill level 11 in Ranged Weapons
  6095 | D:8      | Found a staircase to the Lair.
  6096 | D:8      | Noticed a komodo dragon
  6112 | D:8      | 6112 ||| INVOKING Heroism.
  6116 | D:8      | Killed a komodo dragon
  6116 | D:8      | Reached ** piety under Okawaru
  6117 | D:8      | Reached skill level 12 in Ranged Weapons
  6268 | D:8      | Found the +11 Singing Sword {sonic wave}
  6443 | D:8      | 6443 ||| Stepping ~*~*~tactically~*~*~ (outnumbered).
  6458 | D:8      | Reached XP level 10. HP: 81/88 MP: 12/12
  6464 | D:8      | 6464 ||| FLEEEEING.
  6495 | D:8      | 6495 ||| Stepping ~*~*~tactically~*~*~ (outnumbered).
  6502 | D:8      | Reached skill level 6 in Dodging
  6510 | D:8      | 6510 ||| INVOKING Heroism.
  6526 | D:8      | Reached *** piety under Okawaru
  6534 | D:8      | Reached skill level 13 in Ranged Weapons
  6538 | D:8      | 6538 ||| INVOKING Heroism.
  6571 | D:8      | 6571 ||| FLEEEEING.
  6665 | D:8      | 6665 ||| READING scroll of brand weapon.
  6665 | D:8      | 6665 ||| BRANDING +1 orcbow of freezing.
  6697 | D:8      | Found a blossoming altar of Fedhas.
  6853 | D:8      | 6853 ||| PLANNING LAIR
  6853 | D:8      | 6853 ||| UPGRADING to +0 pair of boots.
  6858 | D:8      | 6858 ||| UPGRADING to ring of protection from cold.
  6859 | D:8      | 6859 ||| READING 3 scrolls of identify.
  6859 | D:8      | 6859 ||| IDENTIFYING bubbling black potion
  6860 | D:8      | 6860 ||| READING 2 scrolls of identify.
  6860 | D:8      | 6860 ||| IDENTIFYING yellow potion
  6865 | Lair:1   | Entered Level 1 of the Lair of Beasts
  6865 | Lair:1   | Noticed a cane toad
  6866 | Lair:1   | 6866 ||| INVOKING Heroism.
  6868 | Lair:1   | Killed a cane toad
  6869 | Lair:1   | Reached skill level 3 in Armour
  6892 | Lair:1   | Reached skill level 9 in Fighting
  6901 | Lair:1   | Noticed a death yak
  6902 | Lair:1   | 6902 ||| INVOKING Heroism.
  6903 | Lair:1   | Noticed a death yak
  6908 | Lair:1   | Noticed a death yak
  6908 | Lair:1   | Killed a death yak
  6913 | Lair:1   | Noticed a death yak
  6916 | Lair:1   | Killed a death yak
  6916 | Lair:1   | Reached **** piety under Okawaru
  6916 | Lair:1   | Noticed a death yak
  6917 | Lair:1   | Reached skill level 14 in Ranged Weapons
  6925 | Lair:1   | Killed a death yak
  6928 | Lair:1   | Noticed a cane toad
  6931 | Lair:1   | 6931 ||| INVOKING Heroism.
  6931 | Lair:1   | HP: 14/91 [death yak (15)]
  6931 | Lair:1   | HP: 6/91 [yak (8)]
  6931 | Lair:1   | Mangled by a death yak

Levels and vault maps discovered:
D:1:      grunt_arrival_crossed_arrows, layout_basic
D:2:      layout_basic, roderic_cross_of_infinity
D:3:      layout_basic, mainiacjoe_overflow_divided_tiny, serial_shops, shop,
          uniq_terence
D:4:      layout_loops_ring, gammafunk_ghost_cemetery
D:5:      layout_loops_cross, gammafunk_ghost_arena, grunt_decor_resistance
D:6:      layout_cave_pods, nicolae_gozag_cash_rules_everything_around_me,
          minmay_temple_entry_ruins, serial_bayou_pond_b
D:7:      layout_gridville
D:8:      old_forge, layout_loops_ring, lemuel_tele_altar, david_lair_shrubbed,
          corner_web_ring, grunt_potential
Temple:   hellmonk_temple_divided_pantheon
Lair:1:   layout_cave_pods, beast_lair_carwin_2

Skill      XL: |  1  2  3  4  5  6  7  8  9 10 |
---------------+-------------------------------+-----
Ranged Weapons | 3 4 5 6 7 8 10 12 14 | 14.0
Fighting       | 2 3 4 5 6 8 9 |  9.0
Dodging        | 3 4 5 6 |  6.4
Armour         | 1 3 |  3.3
Invocations    | 3 4 |  4.5
Spellcasting   | |  1.0
Hexes          | |  2.0

Action                     |  1- 3 |  4- 6 |  7- 9 | 10-12 || total
---------------------------+-------+-------+-------+-------++-------
   Fire: Sling             |   136 |    57 |       |       ||   193
         Orcbow            |       |    39 |   224 |    89 ||   352
 Invoke: Heroism           |       |       |     7 |     5 ||    12
    Use: Scroll            |     5 |     2 |    12 |     3 ||    22
         Potion            |       |       |     3 |       ||     3
 Armour: Robe              |     7 |     8 |    18 |    12 ||    45
         Leather armour    |     3 |     3 |       |       ||     6
  Dodge: Dodged            |    23 |    20 |    64 |    20 ||   127

Table legend:
 A = Non-vault XP
 B = Vault XP
 C = Vault XP percentage of total XP
 D = Non-vault monster count
 E = Vault monster count
 F = Vault count percentage of total count
                 A         B        C        D         E       F
            +---------+---------+-------+---------+---------+-------
      Total |    8007 |    2572 |  24.3 |     148 |      37 |  20.0
            +---------+---------+-------+---------+---------+-------
        D:1 |      15 |       0 |   0.0 |       6 |       0 |   0.0
        D:2 |      58 |       0 |   0.0 |      28 |       0 |   0.0
        D:3 |      50 |      36 |  41.9 |      12 |       1 |   7.7
        D:4 |     609 |       0 |   0.0 |      23 |       0 |   0.0
        D:5 |     306 |       0 |   0.0 |      10 |       0 |   0.0
        D:6 |     736 |     193 |  20.8 |      27 |       3 |  10.0
        D:7 |    1696 |       0 |   0.0 |      29 |       0 |   0.0
        D:8 |    1433 |    2343 |  62.0 |       7 |      33 |  82.5
     Lair:1 |    3104 |       0 |   0.0 |       6 |       0 |   0.0
            +---------+---------+-------+---------+---------+-------
